 Dungeon Crawl Stone Soup version 0.29-a0-469-gd254ca6 (webtiles) character file.

Game seed: 6324853095729818596

84 Think the Cutter (level 4, -4/31 HPs)
             Began as an Octopode Fighter on May 22, 2022.
             Was a Follower of the Shining One.
             Hit by a boomerang thrown by an orc (5 damage)
             ... on level 2 of the Dungeon.
             The game lasted 00:01:54 (1499 turns).

Think the Cutter (Octopode Fighter)                 Turns: 1499, Time: 00:01:54

Health: -4/31      AC:  1    Str: 17    XL:     4   Next: 45%
Magic:  1/4        EV: 13    Int: 10    God:    the Shining One [*.....]
Gold:   120        SH: 10    Dex: 11    Spells: 3/3 levels left

rFire   . . .      SeeInvis .   l - +2 dagger (venom)
rCold   . . .      Faith    .   b - +0 buckler
rNeg    . . .      Spirit   .   (helmet restricted)
rPois   .          Reflect  .   (no amulet)
rElec   .          Harm     .   (no ring)
rCorr   .          Rampage  .   (no ring)
Will    .....                   (no ring)
Stlth   +.........              (no ring)
HPRegen 0.10/turn               (no ring)
MPRegen 0.09/turn               (no ring)
                                (no ring)
                                (no ring)

@: divinely shielded, glowing
A: almost no armour, amphibious, 8 rings, camouflage 1, gelatinous body 1,
(nimble swimmer 1), tentacles
a: Renounce Religion, Divine Shield


You were on level 2 of the Dungeon.
You worshipped the Shining One.
The Shining One was aware of your devotion.
You visited 1 branch of the dungeon, and saw 2 of its levels.

You collected 120 gold pieces.

Inventory:

Hand Weapons
 a - a +0 rapier
 l - a +2 dagger of venom (weapon)
Armour
 b - a +0 buckler (worn)
Jewellery
 k - a ring of poison resistance
Scrolls
 d - a scroll of brand weapon {unknown}
 e - 3 scrolls of identify {unknown}
 i - a scroll of immolation {unknown}
 j - a scroll of enchant weapon {unknown}
 m - a scroll of fear {unknown}
Potions
 c - 3 potions of might
 f - a potion of heal wounds
 g - 2 potions of lignification {unknown}
 h - a potion of cancellation {unknown}


   Skills:
 - Level 3.0 Fighting
 + Level 4.5 Short Blades
 - Level 3.0 Dodging
 - Level 3.0 Shields


You had 3 spell levels left.
You didn't know any spells.
Your spell library was empty.

Dungeon Overview and Level Annotations

Branches:
Dungeon (2/15)

Altars:
The Shining One


Innate Abilities, Weirdness & Mutations

You cannot wear most types of armour.
You are amphibious.
You can wear up to eight rings at the same time.
Your skin changes colour to match your surroundings (Stealth+).
Your rubbery body absorbs attacks. (AC +1, EV +1)
((You are camouflaged when in or above water. (Stealth+)))
You have tentacles for arms and can constrict up to eight enemies at once.


Message History

The orc priest casts a cantrip, but nothing happens.
You hit the orc priest but do no damage.
The orc priest looks as sick as possible!
The orc priest is moderately wounded.
You constrict the orc priest. The orc hits you with a +3 flail.
You block the orc priest's attack. You block the orc's attack.
The orc priest closely misses you.
There are monsters nearby!
There are monsters nearby!
You release your grip on the orc priest.
The orc throws a boomerang.
The boomerang hits you.
* * * LOW HITPOINT WARNING * * *
The orc attacks as you move away! The orc completely misses you.
The orc throws a boomerang.
The boomerang barely misses you.
The orc priest looks braver for a moment.
You kill the orc priest!
The Shining One accepts your kill.
You have reached level 4!
Your shield is strengthened by the Shining One's divine power.
You block the orc's attack.
You barely miss the orc. You grab the orc.
You constrict the orc, but do no damage.
You block the orc's attack.
You hit the orc but do no damage.
The orc is poisoned.
You constrict the orc. You hit the orc. You squeeze the orc.
You kill the orc!
You hit the orc priest.
The orc priest is poisoned.
You grab the orc priest. You squeeze the orc priest!
The orc priest is heavily wounded.
You constrict the orc priest. The orc priest hits you with a +0 mace!
* * * LOW HITPOINT WARNING * * *
You hit the orc priest.
The orc priest looks as sick as possible!
The orc priest is severely wounded.
You constrict the orc priest. You block the orc priest's attack.
You hit the orc priest.
You kill the orc priest!
The Shining One accepts your kill.
The orc throws a boomerang.
The boomerang hits you.
You die...

#........(####...##
+.........'.......#
#.........####...##
##.......## #..##
##.....## #.##
##...## #.# ##+#
#.### ##.######
#...# ######.o)@...#
###.# #.......####.#
#.# #..........#.#
#.#
#..##.o....#.#####.#
#. ##...#.........#
#..####.####### #...
...# #.####### #.#


You could see an orc.

Vanquished Creatures
  2 orc priests (D:2)
  2 adders (D:2)
  A dart slug (D:1)
  An orc (D:2)
  6 ball pythons (D:1)
  4 endoplasms
  2 giant cockroaches (D:1)
  A goblin (D:2)
  2 kobolds (D:1)
  2 quokkas
  5 bats
  3 frilled lizards
  5 rats
36 creatures vanquished.

Notes
Turn   | Place    | Note
-------+----------+-------------------------------------------
     0 | D:1      | Think the Octopode Fighter began the quest for the Orb.
     0 | D:1      | Reached XP level 1. HP: 16/16 MP: 1/1
   146 | D:1      | Reached XP level 2. HP: 21/21 MP: 2/2
   209 | D:1      | Reached skill level 3 in Short Blades
   756 | D:2      | Reached XP level 3. HP: 26/26 MP: 3/3
   824 | D:2      | Found a faded altar of an unknown god.
   836 | D:2      | Prayed at the altar of an unknown god.
   836 | D:2      | Became a worshipper of the Shining One
   836 | D:2      | Reached * piety under the Shining One
  1166 | D:2      | Reached skill level 4 in Short Blades
  1493 | D:2      | Reached XP level 4. HP: 8/31 MP: 4/4
  1497 | D:2      | HP: 1/31 [orc priest/+0 mace (8)]
  1499 | D:2      | Hit by a boomerang thrown by an orc

Illustrated notes

Levels and vault maps discovered:
D:1:      mrwooster_arrival_statue_2, layout_rooms
D:2:      layout_loops_corners, chequers_ecumenical_altar_simple

Skill      XL: |  1  2  3 |
---------------+----------+-----
Short Blades   | 3 4 |  4.5
Fighting       | |  3.0
Dodging        | |  3.0
Shields        | |  3.0

Action                   |  1- 3 |  4- 6 || total
-------------------------+-------+-------++-------
Melee: Rapier            |    53 |       ||    53
       Constrict         |    18 |     2 ||    20
       Tentacles         |    11 |     2 ||    13
       Dagger            |    17 |     6 ||    23
Invok: Divine Shield     |       |     1 ||     1
  Use: Potion            |     1 |       ||     1
 Stab: Sleeping          |     6 |       ||     6
Armor: Skin              |     7 |       ||     7
Dodge: Dodged            |    49 |       ||    49
Block: Buckler           |    22 |     3 ||    25

Table legend: (Time is in decaauts)
 A = Elapsed time spent in this place.
 B = Non-inter-level travel time spent in this place.
 C = Inter-level travel time spent in this place.
 D = Time resting spent in this place.
 E = Time spent auto-exploring this place.
 F = Levels seen in this place.
 G = Mean time per level.
                   A        B        C        D        E       F      G
               +--------+--------+--------+--------+--------+-----+--------+
         Total |   1499 |   1485 |     14 |    349 |    912 |   2 |  749.5 |
       Dungeon |   1499 |   1485 |     14 |    349 |    912 |   2 |  749.5 |
               +--------+--------+--------+--------+--------+-----+--------+

Top non-repeatable levels by time:
     D:1: 754 daAuts
     D:2: 745 daAuts
